 Dungeon Crawl Stone Soup version 0.27-a0-562-g0d39f094a4 (webtiles) character file.

Game seed: 14544695215323156279

775887 hellse the Wrestler (level 27, -7/284 HPs)
             Began as a Troll Fighter on Mar 8, 2021.
             Was the Champion of the Shining One.
             Mangled by an emperor scorpion (8 damage)
             ... summoned by a royal mummy
             ... on level 3 of the Tomb of the Ancients on Mar 9, 2021.
             The game lasted 02:45:39 (64869 turns).

hellse the Wrestler (Troll Fighter)                Turns: 64869, Time: 02:45:40

Health: -7/284     AC: 38    Str: 30 (33) XL:     27
Magic:  14/37      EV: 11    Int:  1 (6)  God:    the Shining One [******]
Gold:   3650       SH: 18    Dex: 17      Spells: 26/26 levels left

rFire    + + +     SeeInvis +     - Unarmed
rCold    + + +     Faith    .   x - +2 shield of Resistance {rF++ rC++ Will++}
rNeg     + + +     Spirit   .   l - +7 gold dragon scales
rPois    +         Reflect  .   M - +3 crown of Dyrovepreva {rElec Int+2 SInv}
rElec    +         Harm     .   W - +1 cloak {Will+}
rCorr    .         Rampage  .   (gloves unavailable)
Will     +++++                  (boots unavailable)
Stlth    ..........             T - amulet of regeneration
HPRegen  3.57/turn              o - +4 ring of slaying
MPRegen  0.25/turn              X - +4 ring of slaying

@: mighty, lethally poisoned (-7 -> -8), contaminated, slowed, lost
intelligence, glowing, studying 2 skills, very slow
A: large, unfitting armour, claws 3, hooves 1, slimy green scales 1, camouflage
1, see invisible, regeneration 2, screaming 1, shaggy fur 2, tough skin 1,
evolution 1, no potion heal 1
}: 5/15 runes: decaying, serpentine, slimy, silver, abyssal
a: Renounce Religion, Divine Shield, Cleansing Flame, Summon Divine Warrior,
Brand Weapon With Holy Wrath


You were on level 3 of the Tomb of the Ancients.
You worshipped the Shining One.
The Shining One was exalted by your worship.
You visited 14 branches of the dungeon, and saw 58 of its levels.
You visited the Abyss 1 time.
You visited 1 ziggurat, and saw 11 of its levels.
You also visited: Trove and Ice Cave.

You collected 11817 gold pieces.
You spent 8167 gold pieces at shops.

Inventory:

Missiles
 n - 25 javelins
 s - 207 large rocks (quivered)
 K - 24 silver javelins
Armour
 b - the +0 hat of the Elephant {rF+ rC+ rN+ Int+3}
   (You found it on level 3 of the Elven Halls)

   It affects your intelligence (+3).
   It protects you from fire.
   It protects you from cold.
   It protects you from negative energy.
 l - +7 gold dragon scales (worn)
 x - the +2 shield of Resistance (worn) {rF++ rC++ Will++}
   (You found it on level 5 of the Pits of Slime)

   It greatly protects you from fire.
   It greatly protects you from cold.
   It affects your willpower, your defense against some magical effects.
 G - a +1 hat of willpower
 M - the +3 crown of Dyrovepreva (worn) {rElec Int+2 SInv}
   (You found it on level 5 of a ziggurat)

   It affects your intelligence (+2).
   It insulates you from electricity.
   It lets you see invisible.
 R - the +2 storm dragon scales of Inevitability {rElec Regen+}
   (Okawaru gifted it to you on level 4 of the Swamp)

   It insulates you from electricity.
   It increases your rate of regeneration.
 W - a +1 cloak of willpower (worn)
Jewellery
 d - a ring of willpower
 f - a ring of resist corrosion
 k - the ring "Naistuog" {rC+ rN+ Str+4 Dex-4}
   (You took it off a deep elf sorcerer on level 3 of the Elven Halls)

   [ring of protection from cold]

   It affects your strength (+4).
   It affects your dexterity (-4).
   It protects you from cold.
   It protects you from negative energy.
 o - a +4 ring of slaying (left claw)
 u - the ring "Bapp" {rElec Str+6}
   (You bought it in a shop on level 2 of the Snake Pit)

   [ring of strength]

   It affects your strength (+6).
   It insulates you from electricity.
 w - the ring of a Thousand Prophets {rElec rN+ EV+4}
   (You found it in a treasure trove)

   [ring of evasion]

   It affects your evasion (+4).
   It insulates you from electricity.
   It protects you from negative energy.
 C - the ring "Tajial Jeogh" {+Fly rPois rN+ Int+3}
   (You found it in a treasure trove)

   [ring of positive energy]

   It affects your intelligence (+3).
   It protects you from poison.
   It protects you from negative energy.
   It lets you fly.
 N - a ring of protection from fire
 T - an amulet of regeneration (around neck)
 X - a +4 ring of slaying (right claw)
Wands
 y - a wand of iceblast (40)
 J - a wand of paralysis (43)
 L - a wand of digging (20)
 P - a wand of acid (47)
Scrolls
 e - 54 scrolls of identify
 g - 29 scrolls of teleportation
 r - 6 scrolls of fog
 z - 6 scrolls of silence
 A - 14 scrolls of magic mapping
 B - 3 scrolls of summoning
 U - 7 scrolls of blinking
 Z - 5 scrolls of fear
Potions
 c - 10 potions of might
 h - 7 potions of magic
 i - 5 potions of cancellation
 m - 37 potions of curing
 q - 12 potions of attraction
 t - 5 potions of berserk rage
 D - 11 potions of flight
 H - 5 potions of mutation
 I - 12 potions of heal wounds
 Q - 5 potions of resistance
 V - 3 potions of lignification
 Y - 3 potions of haste
Miscellaneous
 j - a phantom mirror
 p - a phial of floods
 v - a lightning rod (4/4)
 F - a tin of tremorstones (2/2)
 S - a box of beasts


   Skills:
 - Level 18.6 Fighting
 - Level 22.8 Throwing
 - Level 15.8 Armour
 - Level 15.6 Dodging
 - Level 18.8 Shields
 - Level 24.3 Unarmed Combat
 + Level 22.0 Invocations
 - Level 5.4 Evocations


You had 26 spell levels left.
You didn't know any spells.
Your spell library contained the following spells:

 Spells                   Type           Power      Damage    Failure   Level
 Animate Skeleton         Necr           0%         N/A       100%        1
 Beastly Appendage        Tmut           0%         N/A       100%        1
 Corona                   Hex            0%         N/A       100%        1
 Foxfire                  Conj/Fire      0%         2x1d4     100%        1
 Freeze                   Ice            0%         1d3       100%        1
 Magic Dart               Conj           0%         1d3       100%        1
 Pain                     Necr           0%         1d4       100%        1
 Sandblast                Erth           0%         2d4       100%        1
 Shock                    Conj/Air       0%         1d3       100%        1
 Sting                    Tmut/Pois      0%         1d3       100%        1
 Blink                    Tloc           N/A        N/A       100%        2
 Call Imp                 Summ           0%         N/A       100%        2
 Corpse Rot               Necr/Air       N/A        N/A       100%        2
 Ensorcelled Hibernation  Hex/Ice        0%         N/A       100%        2
 Passwall                 Tmut/Erth      0%         N/A       100%        2
 Poisonous Vapours        Pois/Air       0%         N/A       100%        2
 Searing Ray              Conj           0%         3d3       100%        2
 Slow                     Hex            0%         N/A       100%        2
 Sublimation of Blood     Necr           0%         N/A       100%        2
 Swiftness                Air            0%         N/A       100%        2
 Wereblood                Tmut           0%         N/A       100%        2
 Confusing Touch          Hex            0%         N/A       100%        3
 Conjure Flame            Conj/Fire      0%         6-21      100%        3
 Dazzling Flash           Conj/Hex       0%         N/A       100%        3
 Frozen Ramparts          Ice            0%         1d2       100%        3
 Gell's Gravitas          Tloc           0%         N/A       100%        3
 Ignite Poison            Fire/Tmut/Pois 0%         N/A       100%        3
 Inner Flame              Hex/Fire       0%         N/A       100%        3
 Lesser Beckoning         Tloc           0%         N/A       100%        3
 Mephitic Cloud           Conj/Pois/Air  0%         N/A       100%        3
 Ozocubu's Armour         Ice            0%         N/A       100%        3
 Portal Projectile        Hex/Tloc       0%         N/A       100%        3
 Spider Form              Tmut/Pois      0%         N/A       100%        3
 Static Discharge         Conj/Air       0%         N/A       100%        3
 Stone Arrow              Conj/Erth      0%         3d7       100%        3
 Teleport Other           Tloc           0%         N/A       100%        3
 Tukima's Dance           Hex            0%         N/A       100%        3
 Vampiric Draining        Necr           0%         2d6       100%        3
 Airstrike                Air            0%         N/A       100%        4
 Animate Dead             Necr           0%         N/A       100%        4
 Cause Fear               Hex            0%         N/A       100%        4
 Dispel Undead            Necr           0%         3d6       100%        4
 Fulminant Prism          Conj/Hex       0%         3d6       100%        4
 Hailstorm                Conj/Ice       0%         3d3       100%        4
 Ice Form                 Ice/Tmut       0%         N/A       100%        4
 Iskenderun's Mystic Bla  Conj/Tloc      0%         2d3       100%        4
 Leda's Liquefaction      Hex/Erth       0%         N/A       100%        4
 Manifold Assault         Tloc           0%         N/A       100%        4
 Olgreb's Toxic Radiance  Pois           0%         N/A       100%        4
 Passage of Golubria      Tloc           N/A        N/A       100%        4
 Petrify                  Tmut/Erth      0%         N/A       100%        4
 Sticky Flame             Conj/Fire      0%         2d3       100%        4
 Summon Ice Beast         Ice/Summ       0%         N/A       100%        4
 Summon Lightning Spire   Summ/Air       0%         N/A       100%        4
 Agony                    Necr           0%         N/A       100%        5
 Alistair's Intoxication  Tmut/Pois      0%         N/A       100%        5
 Blade Hands              Tmut           0%         N/A       100%        5
 Bolt of Magma            Conj/Fire/Erth 0%         4d4       100%        5
 Borgnjor's Vile Clutch   Necr/Erth      0%         N/A       100%        5
 Fireball                 Conj/Fire      0%         3d3       100%        5
 Irradiate                Conj/Tmut      0%         3d13      100%        5
 Iskenderun's Battlesphe  Conj           0%         2d6       100%        5
 Lee's Rapid Deconstruct  Erth           0%         3d5*      100%        5
 Lightning Bolt           Conj/Air       0%         1d11      100%        5
 Metabolic Englaciation   Hex/Ice        0%         N/A       100%        5
 Silence                  Hex/Air        0%         N/A       100%        5
 Summon Forest            Summ/Tloc      0%         N/A       100%        5
 Yara's Violent Unravell  Hex/Tmut       0%         3d3       100%        5
 Conjure Ball Lightning   Conj/Air       0%         3x3d6     100%        6
 Death Channel            Necr           0%         N/A       100%        6
 Dispersal                Tloc           0%         N/A       100%        6
 Eringya's Noxious Bog    Tmut/Pois      0%         N/A       100%        6
 Freezing Cloud           Conj/Ice/Air   0%         6-21      100%        6
 Hydra Form               Tmut           0%         N/A       100%        6
 Iron Shot                Conj/Erth      0%         9d1       100%        6
 Simulacrum               Ice/Necr       0%         N/A       100%        6
 Starburst                Conj/Fire      0%         8x6d3     100%        6
 Statue Form              Tmut/Erth      0%         N/A       100%        6
 Dragon Form              Tmut           0%         N/A       100%        7
 Haunt                    Necr/Summ      0%         N/A       100%        7
 Malign Gateway           Summ/Tloc      0%         N/A       100%        7
 Monstrous Menagerie      Summ           0%         N/A       100%        7
 Orb of Destruction       Conj           0%         N/A       100%        7
 Ozocubu's Refrigeration  Ice            0%         4d5       100%        7
 Spellforged Servitor     Conj/Summ      0%         N/A       100%        7
 Summon Hydra             Summ           0%         N/A       100%        7
 Borgnjor's Revivificati  Necr           0%         N/A       100%        8
 Chain Lightning          Conj/Air       0%         N/A       100%        8
 Discord                  Hex            0%         N/A       100%        8
 Disjunction              Tloc           0%         N/A       100%        8
 Ignition                 Fire           0%         3d3       100%        8
 Lehudib's Crystal Spear  Conj/Erth      0%         10d2      100%        8
 Summon Horrible Things   Summ           0%         N/A       100%        8
 Absolute Zero            Ice            0%         ∞         100%        9
 Fire Storm               Conj/Fire      0%         5d1       100%        9
 Shatter                  Erth           0%         3d5*      100%        9
 Tornado                  Air            0%         N/A       100%        9


Dungeon Overview and Level Annotations

Branches:
Dungeon (15/15)            Temple (1/1) D:6            Lair (6/6) D:9
  Swamp (4/4) Lair:3        Snake (4/4) Lair:4        Slime (5/5) Lair:5
    Orc (2/2) D:10            Elf (3/3) Orc:2        Vaults (5/5) D:14
  Crypt (3/3) Vaults:2       Tomb (3/3) Crypt:3      Depths (5/5) D:15
   Hell (visited)             Dis (0/7) Hell            Geh (0/7) Hell
    Coc (0/7) Hell            Tar (0/7) Hell            Zot (1/5) Depths:5
  IceCv (visited)

Altars:
Ashenzari
Dithmenos
Elyvilon
Fedhas
Gozag
Hepliaklqana
Kikubaaqudgha
Makhleb
Nemelex Xobeh
Okawaru
Qazlal
Ru
Sif Muna
Trog
Uskayaw
Vehumet
Wu Jian
Xom
Yredelemnul
Zin
The Shining One
Beogh
Jiyva

Shops:
D:5 [   D:11 (=*[   D:13 *   Orc:2 [=*(:   Elf:1 :*   Snake:2 :=:   Vaults:2 !
Vaults:3 *   Depths:1 *=(**   Depths:3 *

Portals:
Hell: Depths:1 Depths:2 Depths:3 Depths:4 Depths:5
Abyss: Depths:2 Depths:3 Depths:4 Depths:5
Pandemonium: Depths:3 Depths:5

Annotations:
Elf:2 2 runed translucent doors


Innate Abilities, Weirdness & Mutations

You are too large for most types of armour.
You have claws for hands.
You heal very quickly.
You are covered in thick fur. (AC +2)
You have tough skin. (AC +1)
You have large cloven feet.
You are partially covered in slimy green scales. (AC +2)
Your skin changes colour to match your surroundings (Stealth+).
You have supernaturally acute eyesight. (SInv)
You occasionally shout uncontrollably at your foes.
You evolve.
Potions are less effective at restoring your health.


Message History

The emperor scorpion convulses! x9; Your body is wracked with pain!
* * * LOW HITPOINT WARNING * * *
The emperor scorpion convulses! x4
The ushabti shakes and rattles deafeningly!
The freezing wraith is lost in a daze.
The royal mummy is lost in a daze.
The royal mummy mumbles some strange words.
The flayed ghost hits you but does no damage.
The guardian mummy is lost in a daze.
The emperor scorpion stings you!
* * * LOW HITPOINT WARNING * * *
The emperor scorpion claws you but does no damage.
The emperor scorpion misses you. The emperor scorpion stings you!
* * * LOW HITPOINT WARNING * * *
The emperor scorpion claws you but does no damage.
The emperor scorpion closely misses you.
The death scarab waves its antennae.
The jiangshi closely misses you.
The jiangshi claws you but does no damage.
Unknown command.
Unknown command.
Your system partially rejects the healing.
You feel much better.
You feel your willpower return.
You feel extremely sick.
The mummy priest is no longer dazed.
The human zombie is no longer dazed.
You block the death scarab's attack.
The death scarab bites you but does no damage.
The death scarab waves its antennae.
The jiangshi claws you but does no damage.
You block the jiangshi's attack.
The royal mummy gestures wildly while chanting. x2
The death scarab bites you!
* * * LOW HITPOINT WARNING * * *
The freezing wraith is lost in a daze.
The royal mummy is lost in a daze.
The flayed ghost cries, "Suffer as I suffered!"
The emperor scorpion stings you!
* * * LOW HITPOINT WARNING * * *
The emperor scorpion claws you but does no damage.
You block the emperor scorpion's attack.
The emperor scorpion stings you!
You die...

..............!.Bz.s..
.
.............^..sMz.M.
.
......MM....M.B..z.MMM
. .......MM..MMW. .
.......Bsss4MB.
........8ZMMsB.


.....†BMBMB.MnW .....sBsVBssWZ. .....††@ssszMMM ..####†WsssMM.s ##ZVBW.s..
#...Z.s.. ##.....^# ##φ.### ### You could see 6 royal mummies, 17 emperor
scorpions, an ancient champion, 2 mummy priests, 2 jiangshi, a flayed ghost
(summoned), 2 shadow wraiths, 5 guardian mummies, an ushabti, 2 freezing
wraiths, a spectral iron dragon (summoned), a spectral titan (summoned), a chaos
spawn (summoned), 10 death scarabs, a necrophage (summoned), 5 mummies, an ettin
zombie (summoned) and a human zombie.

Vanquished Creatures
  Dissolution (Slime:2)
  the Royal Jelly (Slime:5)
  2 dread liches
  3 ancient liches
  Mara (Snake:3)
  A juggernaut (Depths:2)
  28 royal mummies
  Sojobo (Depths:2)
  Bai Suzhen (Depths:2)
  Margery (Depths:5)
  Frederick (Tomb:1)
  Geryon (Hell)
  4 golden dragons
  Nikola (Snake:3)
  An iron giant (Zig:6)
  A Tzitzimitl (Tomb:2)
  An electric golem (Zig:8)
  6 tentacled monstrosities
  An Ice Fiend (Zig:3)
  A pandemonium lord (Zig:3)
  A quicksilver dragon (Vaults:5)
  6 liches
  19 titans
  10 deep elf blademasters
  11 sphinxes
  A kraken (Abyss:4)
  Gastronok (D:12)
  11 deep elf master archers
  A death cob (Zot:1)
  21 acid blobs
  8 ancient champions
  2 eldritch tentacles
  Kirke (Swamp:1)
  A tentacled starspawn (Abyss:3)
  17 tengu reavers
  7 storm dragons
  A thorn hunter (Swamp:4)
  5 shadow dragons
  13 azure jellies
  Roxanne (D:15)
  8 nagarajas
  2 revenants
  2 draconian monks (Zig:11)
  2 draconian scorchers
  9 deep elf sorcerers
  17 frost giants
  15 fire giants
  3 orc warlords
  A draconian shifter (Depths:5)
  5 draconian knights
  17 vault wardens
  4 iron dragons
  3 deep elf elementalists (Elf:3)
  2 balrugs
  A cacodemon (Hell)
  4 ghouls
  A curse skull (Crypt:3)
  12 ironheart preservers
  A caustic shrike skeleton (Crypt:2)
  8 war gargoyles
  3 draconian stormcallers (Zig:11)
  12 bennus
  7 draconian annihilators
  42 stone giants
  A reaper (Hell)
  30 very ugly things
  7 green draconians
  A black sun (Zig:3)
  7 deep elf demonologists
  5 yellow draconians
  2 lorocyprocas
  The ghost of coolguy69 the Brawler, a journeyman VSMo of Okawaru (Snake:2)
  4 red draconians
  3 black draconians
  5 purple draconians
  10 vampire knights
  5 spark wasps
  6 white draconians
  A dire elephant (Abyss:4)
  3 bunyips
  An entropy weaver (Vaults:4)
  9 deep elf annihilators
  4 eidola
  16 ettins
  4 eleionomae
  11 deep elf death magi
  5 death oozes
  3 blizzard demons (Hell)
  The ghost of sahdkjhfkaj the Tainter, a journeyman DsVM of Gozag (Lair:2)
  4 shambling mangroves
  7 jiangshi
  25 mummy priests
  Fannar (Lair:3)
  A merfolk impaler (Depths:2)
  2 crystal guardians
  The ghost of greynaab the Spry, a journeyman FeBe of Trog (Snake:2)
  Josephine (Lair:6)
  29 vault guards
  12 fire dragons
  10 deep elf high priests
  11 yaktaur captains
  16 great orbs of eyes
  12 rakshasas
  14 naga warriors
  16 hydras
  Harold (Lair:1)
  10 boulder beetles
  2 ghost crabs
  5 catoblepae
  A hell beast (Depths:1)
  14 ice dragons
  5 spriggan air magi
  16 ogre magi
  8 anacondas
  An alligator (shapeshifter) (Vaults:5)
  5 death knights
  5 centaur warriors
  31 dancing weapons
  8 alligators
  12 deep troll shamans
  9 death yaks
  127 death scarabs
  13 tengu warriors
  7 deep troll earth magi
  41 two-headed ogres
  12 thrashing horrors
  4 orc high priests
  7 shock serpents
  7 soul eaters
  8 vampire magi
  Urug (Lair:2)
  7 spriggan berserkers
  3 iron golems (Hell)
  9 wretched stars
  3 storm dragon zombies
  30 hell knights
  42 deep elf knights
  7 naga sharpshooters
  4 sun demons
  2 golden dragon zombies
  Sonja (Lair:2)
  44 skeletal warriors
  8 goliath frogs
  7 shadow wraiths
  3 iron trolls
  3 salamander mystics
  3 sixfirhies
  A spectral death yak (Lair:2)
  39 deep trolls
  A sea snake (Snake:2)
  A storm dragon skeleton (Crypt:3)
  5 spriggan druids
  3 spatial maelstroms
  11 unseen horrors
  3 unseen horrors (shapeshifter)
  3 glowing orange brains
  An anaconda zombie (Abyss:4)
  A death drake (Swamp:4)
  28 deep elf archers
  3 naga ritualists
  6 swamp dragons
  21 phantasmal warriors
  A shadow dragon zombie (Tomb:2)
  7 flayed ghosts
  3 orange crystal statues (Zig:10)
  16 ironbrand convokers
  A sea snake (shapeshifter) (Vaults:5)
  7 wizards
  A harpy (shapeshifter) (Depths:3)
  3 bog bodies
  2 obsidian statues
  A lindwurm (Lair:6)
  An anaconda skeleton (Tomb:3)
  3 wolf spiders
  2 golden dragon skeletons
  40 deep elf pyromancers
  36 deep elf zephyrmancers
  7 mana vipers
  10 orc knights
  3 orc sorcerers
  2 manticores (Lair:6)
  58 ugly things
  16 necromancers
  16 cyclopes
  A fire giant zombie (Crypt:3)
  2 shadow dragon skeletons
  6 will-o-the-wisps
  5 shining eyes
  An oklob plant (Orc:2)
  4 worldbinders
  3 frost giant zombies
  A stone giant zombie (Zig:1)
  A tengu skeleton (Zig:9)
  23 large abominations
  11 salamanders
  A fire giant skeleton (Tomb:3)
  5 ice statues (IceCv)
  2 frost giant skeletons
  A torpor snail (Lair:6)
  A black mamba (shapeshifter) (Elf:2)
  11 elephants
  25 black mambas
  An apocalypse crab (Abyss:4)
  3 guardian serpents
  An eye of devastation (shapeshifter) (Vaults:5)
  23 naga magi
  5 orange demons
  4 smoke demons
  6 rust devils
  3 stone giant skeletons
  Maurice (D:12)
  8 gargoyles
  11 vault sentinels
  A hellion (Abyss:3)
  18 cane toads
  4 centaur skeletons
  2 cane toads (shapeshifter)
  A rime drake (shapeshifter) (Abyss:4)
  2 efreet
  2 human zombies
  A komodo dragon (shapeshifter) (Vaults:1)
  48 yaktaurs
  2 kobold demonologists (D:7)
  6 tengu conjurers
  4 ice devils (Hell)
  9 komodo dragons
  2 demonic crawlers
  14 freezing wraiths
  6 rime drakes
  2 hellwings
  2 anaconda simulacra (IceCv)
  7 trolls
  41 guardian mummies
  4 ancient zymes
  5 red devils
  A queen bee (D:9)
  A polar bear (shapeshifter) (Vaults:1)
  A jumping spider (shapeshifter) (Vaults:1)
  A jumping spider (Vaults:4)
  8 tyrant leeches
  A hornet (shapeshifter) (Vaults:5)
  An alligator zombie (Hell)
  2 hydra zombies (Hell)
  24 hornets
  A spriggan zombie (Depths:1)
  35 blink frogs
  2 dream sheep (shapeshifter)
  17 raiju
  2 hydra skeletons
  2 blink frogs (shapeshifter)
  87 slime creatures
  An ettin zombie (Crypt:3)
  A fire dragon zombie (Abyss:3)
  A raiju (shapeshifter) (D:13)
  A spectral dream sheep (Lair:2)
  An ice dragon zombie (Tomb:2)
  2 meliai zombies
  38 flying skulls
  3 frost giant simulacra
  A fire dragon skeleton (Depths:1)
  11 redbacks
  An ettin skeleton (Hell)
  A spectral black mamba (Lair:2)
  A deep troll zombie (Depths:1)
  18 wraiths
  5 shadows
  42 starcursed masses
  9 spriggans
  12 water elementals
  3 alligator skeletons
  4 ynoxinuls
  A hog (shapeshifter) (Vaults:2)
  4 wyverns
  A dire elephant simulacrum (IceCv)
  2 vampires (Crypt:3)
  5 air elementals
  43 yaks
  A black mamba skeleton (Hell)
  3 fire bats (Abyss:4)
  10 ushabtiu
  A catoblepas simulacrum (Lair:2)
  6 golden eyes
  4 hogs (Swamp:1)
  An elf skeleton (Vaults:5)
  11 fire elementals
  A golden eye (shapeshifter) (Vaults:3)
  4 chaos spawn
  17 vampire mosquitoes
  2 swamp worm simulacra (Swamp:4)
  4 basilisks
  A yaktaur simulacrum (Vaults:1)
  4 neqoxecs
  20 swamp worms
  A soldier ant (shapeshifter) (Elf:3)
  57 nagas
  5 wargs
  2 harpy simulacra (IceCv)
  6 spatial vortices
  A spectral cane toad (Lair:2)
  A water nymph zombie (Crypt:2)
  12 water moccasins
  A soldier ant (D:13)
  18 hydra simulacra
  7 acid dragons
  3 cane toad zombies
  15 small abominations
  2 hell hounds
  2 cane toad skeletons
  A hornet zombie (D:12)
  A torturous demonspawn skeleton (Crypt:1)
  An alligator simulacrum (Hell)
  A swamp drake (Swamp:3)
  12 ice beasts
  A swamp drake (shapeshifter) (Vaults:5)
  5 eyes of draining
  An ice dragon simulacrum (Depths:1)
  30 orc warriors
  2 black bears
  6 sky beasts
  42 ogres
  7 boggarts (Vaults:1)
  2 ettin simulacra (IceCv)
  2 swamp dragon skeletons
  25 wolves
  A blink frog skeleton (Crypt:1)
  An orc skeleton (Vaults:1)
  A snapping turtle skeleton (Crypt:3)
  17 centaurs
  3 human skeletons
  6 phantoms
  2 hog skeletons (Crypt:1)
  2 kobold brigands (D:12)
  A yaktaur zombie (Crypt:1)
  20 bullfrogs
  7 earth elementals
  A wyvern skeleton (D:13)
  A water moccasin skeleton (Crypt:2)
  3 scorpions
  A raiju zombie (Crypt:2)
  A dream sheep simulacrum (Lair:2)
  20 killer bees
  2 spriggan skeletons
  An electric eel (Snake:2)
  11 wights
  A troll skeleton (Crypt:2)
  7 howler monkeys
  A bullfrog skeleton (D:8)
  3 centaur zombies
  6 hounds
  18 jellies
  6 quasits
  19 orc priests
  4 iron imps
  Crazy Yiuf (D:6)
  4 iguanas
  29 orc wizards
  10 worker ants
  51 mummies
  A howler monkey zombie (Crypt:1)
  3 worker ant zombies
  7 gnolls
  16 adders
  4 shadow imps
  4 white imps
  6 swamp drake simulacra (Swamp:4)
  4 ufetubi
  3 oozes
  An adder skeleton (D:4)
  A halfling skeleton (Crypt:1)
  5 worms
  7 leopard geckos
  76 orcs
  5 giant cockroaches
  3 goblins
  9 hobgoblins
  14 jackals
  12 kobolds
  5 quokkas
  7 bats
  10 frilled lizards
  A quokka skeleton (D:4)
  11 rats
  A butterfly (Lair:4)
  A starspawn tentacle (Abyss:3)
  5 tentacles (Abyss:4)
3180 creatures vanquished.

Vanquished Creatures (others)
  An ironheart preserver (Vaults:2)
  A deep elf high priest (Zig:10)
  A death scarab (Tomb:2)
  A thrashing horror (Abyss:4)
  2 deep elf knights (Elf:3)
  A spriggan druid (Swamp:2)
  2 deep elf pyromancers
  A naga mage (Snake:3)
  A gargoyle (Crypt:3)
  A centaur skeleton (D:14)
  A hornet (Swamp:4)
  2 spriggans (Swamp:2)
  A water elemental (Zig:10)
  A swamp worm (Swamp:2)
  A swamp drake (Swamp:2)
  An earth elemental (Zig:10)
  24 foxfires
  14 fungi
  52 plants
  A starspawn tentacle (Abyss:3)
  7 tentacles (Abyss:4)
  10 withered plants
127 creatures vanquished.

Grand Total: 3307 creatures vanquished

Notes
Turn   | Place    | Note
-------+----------+-------------------------------------------
     0 | D:1      | hellse the Troll Fighter began the quest for the Orb.
     0 | D:1      | Reached XP level 1. HP: 22/22 MP: 0/0
   349 | D:1      | Reached XP level 2. HP: 29/29 MP: 1/1
   488 | D:1      | Reached skill level 3 in Unarmed Combat
   613 | D:1      | Reached XP level 3. HP: 36/36 MP: 2/2
  1179 | D:2      | Reached skill level 4 in Unarmed Combat
  1304 | D:3      | Reached XP level 4. HP: 44/44 MP: 3/3
  1409 | D:4      | Reached skill level 5 in Unarmed Combat
  1508 | D:4      | Reached XP level 5. HP: 50/50 MP: 4/4
  1584 | D:4      | Noticed a phantom
  1605 | D:4      | Killed a phantom
  1606 | D:4      | Reached skill level 6 in Unarmed Combat
  1606 | D:4      | Reached XP level 6. HP: 48/59 MP: 5/5
  1703 | D:4      | Found an ornate altar of the Wu Jian Council.
  2252 | D:5      | Entered Level 5 of the Dungeon
  2285 | D:5      | Reached skill level 7 in Unarmed Combat
  2298 | D:5      | Found a basalt altar of Yredelemnul.
  2566 | D:5      | Found Simuzxuzi's Armour Shoppe.
  2670 | D:5      | Reached XP level 7. HP: 65/67 MP: 6/6
  2673 | D:5      | Found a hide-covered altar of Uskayaw.
  2804 | D:6      | Found a staircase to the Ecumenical Temple.
  2810 | Temple   | Entered the Ecumenical Temple
  2863 | Temple   | Became a worshipper of Warmaster Okawaru
  2968 | D:3      | Found a white marble altar of Elyvilon.
  3150 | D:2      | Found a radiant altar of Vehumet.
  4247 | D:6      | Found a runed translucent door.
  4248 | D:6      | Noticed Crazy Yiuf
  4291 | D:6      | Killed Crazy Yiuf
  4360 | D:6      | Found a bloodstained altar of Trog.
  4360 | D:6      | Found a shadowy altar of Dithmenos.
  4779 | D:7      | Reached * piety under Okawaru
  4780 | D:7      | Reached XP level 8. HP: 75/78 MP: 7/7
  4793 | D:7      | Reached skill level 5 in Dodging
  5055 | D:7      | Found a transporter.
  5056 | D:7      | Noticed a kobold demonologist
  5056 | D:7      | Noticed a kobold demonologist
  5073 | D:7      | Found a transporter.
  5118 | D:7      | Noticed a four-headed hydra
  5210 | D:7      | Reached skill level 5 in Fighting
  5215 | D:6      | Reached ** piety under Okawaru
  5403 | D:7      | Reached XP level 9. HP: 89/89 MP: 10/10
  5769 | D:8      | Found a bloodstained altar of Trog.
  5913 | D:8      | Reached *** piety under Okawaru
  5947 | D:8      | Reached skill level 8 in Unarmed Combat
  6172 | D:9      | Reached skill level 1 in Throwing
  6219 | D:9      | Found an opulent altar of Gozag.
  6781 | D:9      | Reached **** piety under Okawaru
  6788 | D:9      | Reached skill level 5 in Throwing
  6872 | D:9      | Found a staircase to the Lair.
  6884 | D:9      | Reached XP level 10. HP: 97/100 MP: 11/11
  7180 | D:10     | Entered Level 10 of the Dungeon
  7573 | D:10     | Reached ***** piety under Okawaru
  7574 | D:10     | Reached skill level 1 in Armour
  7680 | D:10     | Noticed a gargoyle
  7687 | D:10     | Killed a gargoyle
  7687 | D:10     | Received a gift from Okawaru
  7708 | D:10     | Found a staircase to the Orcish Mines.
  7845 | D:10     | Found a stormy altar of Qazlal.
  8208 | D:11     | Noticed a cyclops
  8215 | D:11     | Killed a cyclops
  8297 | D:11     | Killed an unseen horror
  8326 | D:11     | Noticed a death knight
  8483 | D:7      | Killed a four-headed hydra
  8483 | D:7      | Received a gift from Okawaru
  8484 | D:7      | Reached skill level 5 in Shields
  8484 | D:7      | Reached XP level 11. HP: 54/107 MP: 12/12
  8484 | D:7      | Found the +14 obsidian axe {vorpal, *Drain +Fly SInv}
  8911 | Lair:1   | Entered Level 1 of the Lair of Beasts
  8926 | Lair:1   | Noticed a six-headed hydra
  8935 | Lair:1   | Killed a six-headed hydra
  9178 | Lair:1   | Noticed a six-headed hydra
  9189 | Lair:1   | Killed a six-headed hydra
  9189 | Lair:1   | Received a gift from Okawaru
  9221 | Lair:1   | Noticed a five-headed hydra
  9223 | Lair:1   | Gained mutation: You are frail. (-10% HP) [potion of
                  | mutation]
  9223 | Lair:1   | Gained mutation: Your muscles are strong. (Str +2) [potion
                  | of mutation]
  9223 | Lair:1   | Gained mutation: You evolve. [potion of mutation]
  9231 | Lair:1   | Killed a five-headed hydra
  9602 | Lair:1   | Identified the +4 short sword of Attainder {protect, rElec
                  | Int+3}
  9691 | Lair:2   | Noticed Harold
  9766 | D:9      | Reached ****** piety under Okawaru
  9799 | Lair:1   | Killed Harold
  9863 | Lair:2   | Received a gift from Okawaru
  9947 | Lair:2   | Noticed a swamp dragon
  9958 | Lair:2   | Killed a swamp dragon
  9958 | Lair:2   | Received a gift from Okawaru
  9959 | Lair:2   | Reached skill level 9 in Unarmed Combat
  9993 | Lair:2   | Reached XP level 12. HP: 108/110 MP: 13/13
 10062 | Lair:2   | Noticed Urug
 10098 | Lair:2   | Reached skill level 5 in Armour
 10108 | Lair:2   | Killed Urug
 10138 | Lair:2   | Found a runed translucent gate.
 10138 | Lair:2   | Found a runed translucent gate.
 10138 | Lair:2   | Found a runed translucent gate.
 10340 | Lair:2   | Received a gift from Okawaru
 10470 | Lair:2   | You fall into a shaft and drop 1 floor!
 10512 | Lair:3   | Found a staircase to the Swamp.
 10548 | Lair:3   | Noticed a four-headed hydra
 10551 | Lair:3   | Killed a four-headed hydra
 10551 | Lair:3   | Received a gift from Okawaru
 10959 | Lair:2   | Identified 2 scrolls of acquirement
 10961 | Lair:2   | Acquired an amulet of regeneration
 10974 | Lair:2   | Acquired a manual of Throwing
 11054 | Lair:2   | Noticed Sonja
 11059 | Lair:2   | Killed Sonja
 11059 | Lair:2   | Received a gift from Okawaru
 11440 | Lair:2   | Noticed sahdkjhfkaj's ghost (journeyman DsVM)
 11491 | Lair:2   | Killed sahdkjhfkaj's ghost
 11492 | Lair:2   | Reached skill level 10 in Throwing
 11711 | Lair:3   | Noticed a five-headed hydra
 11721 | Lair:3   | Killed a five-headed hydra
 11722 | Lair:3   | Reached XP level 13. HP: 84/117 MP: 14/14
 11800 | Lair:3   | Noticed Fannar
 11841 | Lair:3   | Killed Fannar
 12661 | Lair:4   | Found a staircase to the Snake Pit.
 12701 | Lair:4   | Received a gift from Okawaru
 13329 | Lair:4   | Received a gift from Okawaru
 13528 | Lair:5   | Received a gift from Okawaru
 13809 | Lair:5   | Found a staircase to the Slime Pits.
 13829 | Lair:5   | Reached skill level 5 in Invocations
 13830 | Lair:5   | Acquired a manual of Dodging
 14080 | Lair:6   | Entered Level 6 of the Lair of Beasts
 14081 | Lair:6   | Noticed Josephine
 14167 | Lair:6   | Killed Josephine
 14174 | Lair:6   | Reached XP level 14. HP: 126/126 MP: 16/16
 14580 | Lair:6   | Received a gift from Okawaru
 14594 | Lair:6   | Reached skill level 10 in Dodging
 15423 | Lair:6   | Gained mutation: You possess an exceptional clarity of
                  | mind. [evolution]
 15423 | Lair:6   | Lost mutation: You evolve. [end of evolution]
 16006 | D:11     | Acquired 911 gold pieces
 16059 | D:11     | Found Nexoros's Jewellery Shoppe.
 16101 | D:11     | Found Zece's Weapon Emporium.
 16214 | D:11     | Found Beiwexig's General Store.
 16227 | D:11     | Bought a potion of heal wounds for 70 gold pieces
 16499 | D:11     | Found Joept's Antique Armour Emporium.
 16507 | D:11     | Bought a tower shield for 153 gold pieces
 16607 | D:12     | Noticed Maurice
 16622 | D:12     | Killed Maurice
 16629 | D:12     | Reached skill level 10 in Unarmed Combat
 16822 | D:12     | Noticed Gastronok
 16834 | D:12     | Killed Gastronok
 17014 | D:12     | Reached skill level 11 in Unarmed Combat
 17043 | D:12     | Received a gift from Okawaru
 17696 | D:13     | Received a gift from Okawaru
 18001 | D:13     | Received a gift from Okawaru
 18002 | D:13     | Reached XP level 15. HP: 124/131 MP: 17/17
 18096 | D:13     | Identified the +0 cloak of the Goldsmith {-Tele rN++ MP-9
                  | Slay+5}
 18287 | D:13     | Found Sahion's General Store.
 18470 | D:14     | Acquired a manual of Fighting
 18483 | D:14     | Received a gift from Okawaru
 18718 | D:13     | Reached skill level 10 in Fighting
 18976 | D:14     | Found a gate to the Vaults.
 19196 | D:15     | Entered Level 15 of the Dungeon
 19423 | D:15     | Received a gift from Okawaru
 19555 | D:15     | Identified Roxanne's Collected Works on Changing
 19555 | D:15     | Noticed Roxanne
 19566 | D:15     | Killed Roxanne
 19995 | D:15     | Received a gift from Okawaru
 20011 | D:15     | Found a staircase to the Depths.
 20347 | Orc:1    | Entered Level 1 of the Orcish Mines
 20808 | Orc:2    | Entered Level 2 of the Orcish Mines
 21008 | Orc:2    | Found a staircase to the Elven Halls.
 21463 | Orc:2    | Noticed an orc warlord
 21501 | Orc:2    | Killed an orc warlord
 21502 | Orc:2    | Reached skill level 12 in Unarmed Combat
 21601 | Orc:2    | Found Wontautu's General Store.
 21601 | Orc:2    | Gained mutation: Scrolls take you a little longer to read.
                  | [a neqoxec]
 21639 | Orc:2    | Found Caxomiytt's Antique Armour Shoppe.
 21850 | Orc:2    | Reached XP level 16. HP: 148/149 MP: 18/18
 21951 | Orc:2    | Found Ificzupn's Antique Weapon Shoppe.
 22000 | Orc:2    | Found Aplideog's Jewellery Shoppe.
 22063 | Orc:2    | Found Fykiucza's Book Boutique.
 22286 | Orc:2    | Bought an embroidered hat for 210 gold pieces
 22303 | Orc:2    | Bought a ring of protection from cold for 400 gold pieces
 22440 | D:11     | Bought a ring of poison resistance for 300 gold pieces
 22635 | Snake:1  | Entered Level 1 of the Snake Pit
 22835 | Snake:1  | Reached skill level 13 in Unarmed Combat
 22960 | Snake:1  | Received a gift from Okawaru
 23351 | Snake:1  | Received a gift from Okawaru
 23818 | Snake:2  | Reached skill level 14 in Unarmed Combat
 24035 | Snake:2  | Identified the +0 ice dragon scales of Serendipity {Rampage
                  | +Inv rF- rC++ Regen+ Dex-3}
 24149 | Snake:2  | Found Cikkaumeqo's Book Shoppe.
 24149 | Snake:2  | Found Boqog's Jewellery Boutique.
 24151 | Snake:2  | Found Loloefio's Book Shoppe.
 24161 | Snake:2  | Bought a manual of Unarmed Combat for 1656 gold pieces
 24257 | Snake:2  | Found a runed translucent gate.
 24257 | Snake:2  | Found a runed translucent gate.
 24258 | Snake:2  | Noticed greynaab's ghost (journeyman FeBe)
 24258 | Snake:2  | Noticed coolguy69's ghost (journeyman VSMo)
 24259 | Snake:2  | Found a runed translucent gate.
 24542 | Snake:2  | Killed coolguy69's ghost
 24663 | Snake:2  | Killed greynaab's ghost
 24834 | Snake:3  | Noticed Mara
 24848 | Snake:3  | Noticed hellse's illusion
 24850 | Snake:3  | Killed Mara
 24851 | Snake:3  | Reached skill level 15 in Unarmed Combat
 25018 | Snake:3  | Reached skill level 16 in Unarmed Combat
 25060 | Snake:3  | Noticed Nikola
 25069 | Snake:3  | Killed Nikola
 25212 | Snake:3  | Received a gift from Okawaru
 25405 | Snake:3  | Reached skill level 17 in Unarmed Combat
 25762 | Snake:3  | Reached XP level 17. HP: 162/162 MP: 19/19
 26008 | Snake:4  | Entered Level 4 of the Snake Pit
 26268 | Snake:4  | Found an ancient bone altar of Kikubaaqudgha.
 26295 | Snake:4  | Received a gift from Okawaru
 26740 | Snake:4  | Received a gift from Okawaru
 26892 | Snake:4  | Received a gift from Okawaru
 26968 | Snake:4  | Received a gift from Okawaru
 26988 | Snake:4  | Reached skill level 10 in Armour
 27020 | Snake:4  | Reached skill level 18 in Unarmed Combat
 27184 | Snake:4  | Got a serpentine rune of Zot
 27614 | Swamp:1  | Entered Level 1 of the Swamp
 27807 | Swamp:1  | Noticed Kirke
 27832 | Swamp:1  | Killed Kirke
 27893 | Swamp:1  | You fall into a shaft and drop 1 floor!
 27958 | Swamp:1  | Received a gift from Okawaru
 28448 | Swamp:1  | Received a gift from Okawaru
 28523 | Swamp:2  | Reached skill level 19 in Unarmed Combat
 29093 | Swamp:3  | Found a frozen archway.
 29115 | IceCv    | Entered an ice cave
 29158 | IceCv    | Identified the +0 ring mail of Paranoia {SInv}
 29213 | IceCv    | Reached XP level 18. HP: 126/170 MP: 20/20
 29257 | IceCv    | Received a gift from Okawaru
 29258 | IceCv    | Reached skill level 15 in Throwing
 29947 | Swamp:4  | Entered Level 4 of the Swamp
 30092 | Swamp:4  | Identified the +2 storm dragon scales of Inevitability
                  | {rElec Regen+} (Okawaru gifted it to you on level 4 of the
                  | Swamp)
 30092 | Swamp:4  | Received a gift from Okawaru
 30093 | Swamp:4  | Reached skill level 5 in Evocations
 30970 | Swamp:4  | Got a decaying rune of Zot
 31044 | Swamp:4  | Lost mutation: Your muscles are strong. (Str +2) [potion of
                  | mutation]
 31044 | Swamp:4  | Lost mutation: You are frail. (-10% HP) [potion of
                  | mutation]
 31044 | Swamp:4  | Lost mutation: Scrolls take you a little longer to read.
                  | [potion of mutation]
 31044 | Swamp:4  | Gained mutation: Your spells are a little harder to cast,
                  | but a little more powerful. [potion of mutation]
 31044 | Swamp:4  | Gained mutation: Your system is resistant to poisons.
                  | (rPois) [potion of mutation]
 31044 | Swamp:4  | Gained mutation: You have supernaturally acute eyesight.
                  | (SInv) [potion of mutation]
 31044 | Swamp:4  | Gained mutation: You have sharp toenails. [potion of
                  | mutation]
 31304 | Elf:1    | Entered Level 1 of the Elven Halls
 31503 | Elf:1    | Received a gift from Okawaru
 31550 | Elf:1    | Identified Vehumet's Catalogue of Arcane Weapons
 31716 | Elf:1    | Found Hexaun's General Store.
 31725 | Elf:1    | Found Huogebb's Book Boutique.
 32352 | Elf:2    | Reached skill level 10 in Shields
 32672 | Elf:2    | Reached XP level 19. HP: 194/195 MP: 21/21
 32758 | Elf:2    | Found a large runed translucent door.
 32758 | Elf:2    | Found a large runed translucent door.
 32790 | Elf:2    | Found a large runed translucent door.
 32790 | Elf:2    | Found a large runed translucent door.
 32865 | Elf:2    | Received a gift from Okawaru
 33291 | Elf:3    | Entered Level 3 of the Elven Halls
 33471 | Elf:3    | Noticed a Brimstone Fiend
 33572 | Elf:3    | Identified the -2 pair of gloves "Nehassui" {+Fly rCorr
                  | Str-2 Int+3}
 33867 | Elf:3    | Received a gift from Okawaru
 33888 | Elf:3    | Identified the +11 mace of Precise Incision {pain, rPois
                  | rC+}
 33918 | Elf:3    | Identified the ring of Jiuwn {+Inv rF+ MP+9 Str-4}
 34120 | Elf:3    | Received a gift from Okawaru
 34139 | Elf:3    | Identified the +1 mace "Etwana" {venom, +Blink rPois Will+
                  | Str-2}
 34161 | Elf:3    | Identified the +9 battleaxe of the Hidden Vale {freeze,
                  | rElec rF+ Str+4 SInv}
 34161 | Elf:3    | Identified the ring "Naistuog" {rC+ rN+ Str+4 Dex-4}
 34265 | Elf:3    | Identified the +0 hat of the Elephant {rF+ rC+ rN+ Int+3}
 34300 | Elf:3    | Identified the +4 helmet of Anaesthesia {Str+6 Stlth+}
 34993 | Vaults:1 | Entered Level 1 of the Vaults
 35240 | Vaults:1 | Reached XP level 20. HP: 204/206 MP: 22/22
 35593 | Vaults:1 | Reached skill level 15 in Shields
 36403 | Vaults:2 | Received a gift from Okawaru
 36587 | Vaults:2 | Found a staircase to the Crypt.
 36706 | Vaults:2 | Reached skill level 15 in Fighting
 36793 | Vaults:2 | Found Cimp's Distillery.
 36810 | Vaults:2 | Bought a potion of heal wounds for 100 gold pieces
 36810 | Vaults:2 | Bought a potion of heal wounds for 100 gold pieces
 36810 | Vaults:2 | Bought a potion of haste for 200 gold pieces
 38066 | Vaults:3 | Identified the +4 rapier of Goim {vamp, rF+ Stlth+}
                  | (Okawaru gifted it to you on level 3 of the Vaults)
 38066 | Vaults:3 | Received a gift from Okawaru
 38210 | Vaults:3 | Found Xeqej's General Store.
 38397 | Vaults:3 | Reached XP level 21. HP: 211/223 MP: 23/23
 38432 | Vaults:3 | Found a portal to a secret trove of treasure.
 38550 | Vaults:3 | Acquired the +2 kite shield of Joy {Will+ MP+9}
 38552 | Vaults:3 | Acquired a manual of Shields
 38554 | Vaults:3 | Acquired a manual of Dodging
 38694 | Vaults:3 | Identified the +5 acid dragon scales of Vucw {-Tele rF-
                  | Regen+ rCorr SInv} (Okawaru gifted it to you on level 3 of
                  | the Vaults)
 38694 | Vaults:3 | Received a gift from Okawaru
 39832 | Vaults:4 | Reached skill level 15 in Dodging
 40682 | Slime:1  | Entered Level 1 of the Pits of Slime
 40781 | Slime:2  | Noticed Dissolution
 40790 | Slime:2  | Killed Dissolution
 40790 | Slime:2  | Received a gift from Okawaru
 40790 | Slime:2  | Identified the +0 animal skin of Okawaru's Generosity {+Inv
                  | rC- rN+ Will+} (Okawaru gifted it to you on level 2 of the
                  | Pits of Slime)
 40790 | Slime:2  | Received a gift from Okawaru
 41008 | Slime:2  | Gained mutation: You expend magic power (3 MP) to
                  | strengthen your wands. [a shining eye]
 41271 | Slime:5  | Entered Level 5 of the Pits of Slime
 41495 | Slime:5  | Found a viscous altar of Jiyva.
 41495 | Slime:5  | Noticed the Royal Jelly
 41499 | Slime:5  | Found the +2 shield of Resistance {rF++ rC++ Will++}
 41528 | Slime:5  | Reached XP level 22. HP: 210/234 MP: 11/24
 41554 | Slime:5  | Killed the Royal Jelly
 41900 | Slime:5  | Identified the Guide on Clay and Transformation
 41902 | Slime:5  | Identified the ring "Komoffy" {Fire Str+4}
 41921 | Slime:5  | Identified the ring "Guur" {Str+6 Stlth+}
 41949 | Slime:5  | Got a slimy rune of Zot
 42019 | Slime:5  | Identified the amulet of Esmamyq {Reflect rC++ SH+5}
 42405 | Depths:1 | Entered Level 1 of the Depths
 42405 | Depths:1 | Found Zeakeh's Assorted Antiques.
 42420 | Depths:1 | Received a gift from Okawaru
 42458 | Depths:1 | Received a gift from Okawaru
 42498 | Depths:1 | Found Modd's Weapon Emporium.
 42672 | Depths:1 | Found Apiwagewn's Assorted Antiques.
 42813 | Depths:1 | Found Haacyad's General Store.
 43014 | Depths:1 | Found Buemunab's Jewellery Emporium.
 43247 | Depths:1 | Found a gateway to Hell.
 43338 | Depths:1 | Identified Sif Muna's Incunabulum of Changing and Sinister
                  | Rituals
 43713 | Depths:2 | Received a gift from Okawaru
 43727 | Depths:2 | Reached skill level 20 in Unarmed Combat
 43733 | Depths:2 | Identified the +9 plate armour "Xiesk" {Int+5 Dex+4}
 43743 | Depths:2 | Noticed a golden dragon
 43758 | Depths:2 | Identified the +3 short sword "Hushrium" {freeze, *Drain
                  | +Rage +Inv Will+} (Okawaru gifted it to you on level 2 of
                  | the Depths)
 43758 | Depths:2 | Received a gift from Okawaru
 43770 | Depths:1 | Killed a golden dragon
 43967 | Depths:1 | Reached XP level 23. HP: 172/241 MP: 25/25
 44038 | Depths:2 | Noticed a juggernaut
 44041 | Depths:2 | Received a gift from Okawaru
 44046 | Depths:2 | Reached skill level 21 in Unarmed Combat
 44052 | Depths:2 | Killed a juggernaut
 44057 | Depths:2 | Identified the +8 short sword of Piefyakos {drain, Int+2
                  | Dex+3} (Okawaru gifted it to you on level 2 of the Depths)
 44057 | Depths:2 | Received a gift from Okawaru
 44202 | Depths:2 | Noticed Bai Suzhen
 44218 | Depths:2 | Killed Bai Suzhen
 44405 | Depths:2 | Identified the +3 ring mail of Gozag {-Cast rElec rPois
                  | SInv}
 44495 | Depths:2 | Reached skill level 22 in Unarmed Combat
 44536 | Depths:2 | Received a gift from Okawaru
 44619 | Depths:2 | Noticed Sojobo
 44637 | Depths:2 | Killed Sojobo
 44926 | Depths:2 | Found a one-way gate to the infinite horrors of the Abyss.
 45071 | Depths:3 | Found a magical portal.
 45248 | Depths:3 | Found a one-way gate leading to the halls of Pandemonium.
 45304 | Depths:3 | Received a gift from Okawaru
 45314 | Depths:3 | Found Vyeneab's Pet Rocks.
 45332 | Depths:3 | Reached skill level 23 in Unarmed Combat
 46262 | Vaults:3 | You paid a toll of 5 scrolls of fog to enter a treasure
                  | trove
 46263 | Trove    | Entered a treasure trove
 46279 | Trove    | Identified the ring of a Thousand Prophets {rElec rN+ EV+4}
 46281 | Trove    | Identified the ring "Ocept" {Ice rElec Will+}
 46295 | Trove    | Identified the ring "Tajial Jeogh" {+Fly rPois rN+ Int+3}
 46298 | Trove    | Identified the ring "Bippenn" {rN+ Dex+2}
 46622 | Depths:4 | Received a gift from Okawaru
 46623 | Depths:4 | Reached XP level 24. HP: 164/250 MP: 25/25
 47094 | Depths:4 | Received a gift from Okawaru
 47153 | Depths:4 | Found a gateway to a ziggurat.
 47153 | Depths:4 | Noticed an ancient lich
 47166 | Depths:4 | Killed an ancient lich
 47455 | Depths:4 | Identified the ring "Hudaq" {AC+4 Str+2 Dex-4 Stlth+}
 47483 | Depths:5 | Entered Level 5 of the Depths
 47744 | Depths:4 | Received a gift from Okawaru
 48163 | Depths:5 | Noticed Margery
 48183 | Depths:5 | Killed Margery
 48521 | Depths:5 | Found a gate to the Realm of Zot.
 48593 | Depths:5 | Identified the +0 hat "Ixev" {-Cast rF+ rN+++ Dex+3}
                  | (Okawaru gifted it to you on level 5 of the Depths)
 48593 | Depths:5 | Received a gift from Okawaru
 49527 | Vaults:5 | Entered Level 5 of the Vaults
 49695 | Vaults:5 | Reached XP level 25. HP: 221/261 MP: 25/29
 49901 | Vaults:5 | Received a gift from Okawaru
 50191 | Vaults:5 | Reached skill level 10 in Invocations
 50721 | Vaults:5 | Got a silver rune of Zot
 50723 | Vaults:5 | Identified the +7 flail of the Piercing Penguin {vorpal,
                  | Fragile rPois rF+ rC+}
 50850 | Vaults:5 | Received a gift from Okawaru
 51000 | Vaults:5 | Identified the +8 ring mail of Starshine {+Fly}
 51225 | Vaults:5 | Identified the +2 ring mail of Wasted Space {Will- Regen+
                  | Dex+4}
 51226 | Vaults:5 | Identified the +4 morningstar of the Shark {venom, rPois
                  | Str+5 Stlth+}
 51589 | Vaults:3 | Bought a potion of curing for 51 gold pieces
 51589 | Vaults:3 | Bought a scroll of fear for 59 gold pieces
 51589 | Vaults:3 | Bought a potion of berserk rage for 85 gold pieces
 51693 | Vaults:2 | Bought a potion of curing for 60 gold pieces
 51693 | Vaults:2 | Bought a potion of curing for 60 gold pieces
 51693 | Vaults:2 | Bought a potion of cancellation for 160 gold pieces
 51693 | Vaults:2 | Bought a potion of resistance for 200 gold pieces
 51693 | Vaults:2 | Bought a potion of might for 80 gold pieces
 51693 | Vaults:2 | Bought a potion of curing for 60 gold pieces
 51897 | Depths:1 | Bought a scroll of silence for 90 gold pieces
 51897 | Depths:1 | Bought a potion of heal wounds for 60 gold pieces
 51897 | Depths:1 | Bought a scroll of silence for 90 gold pieces
 51897 | Depths:1 | Bought a potion of flight for 36 gold pieces
 51949 | Depths:1 | Bought a potion of heal wounds for 215 gold pieces
 51949 | Depths:1 | Bought a wand of digging (2) for 344 gold pieces
 51949 | Depths:1 | Bought a scroll of magic mapping for 150 gold pieces
 51949 | Depths:1 | Bought a scroll of identify for 86 gold pieces
 51949 | Depths:1 | Bought a scroll of identify for 86 gold pieces
 51949 | Depths:1 | Bought a scroll of identify for 86 gold pieces
 51984 | Depths:1 | Bought a potion of might for 148 gold pieces
 51984 | Depths:1 | Bought a scroll of summoning for 351 gold pieces
 51984 | Depths:1 | Bought a potion of curing for 111 gold pieces
 51984 | Depths:1 | Bought a wand of digging (4) for 296 gold pieces
 51984 | Depths:1 | Bought a scroll of teleportation for 111 gold pieces
 51984 | Depths:1 | Bought a scroll of teleportation for 111 gold pieces
 51984 | Depths:1 | Bought a potion of heal wounds for 185 gold pieces
 52045 | Depths:3 | Bought 5 large rocks for 63 gold pieces
 52045 | Depths:3 | Bought a wand of digging (3) for 252 gold pieces
 52045 | Depths:3 | Bought 4 large rocks for 50 gold pieces
 52192 | D:13     | Bought a scroll of identify for 20 gold pieces
 52192 | D:13     | Bought a potion of curing for 30 gold pieces
 52192 | D:13     | Bought 2 scrolls of identify for 40 gold pieces
 52192 | D:13     | Bought a potion of mutation for 80 gold pieces
 52275 | D:11     | Bought a potion of attraction for 42 gold pieces
 52378 | Orc:2    | Bought a potion of lignification for 36 gold pieces
 52378 | Orc:2    | Bought a potion of attraction for 36 gold pieces
 52446 | Elf:1    | Bought a potion of might for 44 gold pieces
 52446 | Elf:1    | Bought 2 scrolls of identify for 44 gold pieces
 52727 | Snake:2  | Bought the ring "Bapp" {rElec Str+6} for 870 gold pieces
 52968 | Temple   | Fell from the grace of Okawaru
 52968 | Temple   | Became a worshipper of the Shining One
 53351 | Crypt:1  | Entered Level 1 of the Crypt
 53435 | Crypt:1  | Reached * piety under the Shining One
 53520 | Crypt:1  | Reached XP level 26. HP: 271/276 MP: 32/32
 53559 | Crypt:1  | Reached ** piety under the Shining One
 54200 | Crypt:1  | Reached *** piety under the Shining One
 54904 | Crypt:2  | Reached **** piety under the Shining One
 55071 | Crypt:2  | Reached ***** piety under the Shining One
 55087 | Crypt:2  | Reached skill level 15 in Invocations
 55661 | Crypt:3  | Entered Level 3 of the Crypt
 55775 | Crypt:3  | Reached ****** piety under the Shining One
 56030 | Crypt:3  | Identified the Reference Book on Necromancy
 56108 | Crypt:3  | Found a staircase to the Tomb.
 56727 | Crypt:3  | Found an ancient bone altar of Kikubaaqudgha.
 56759 | Crypt:3  | Identified the ring "Anateerph" {rN+ Will- Str+2 Int+2
                  | Dex+4}
 56759 | Crypt:3  | Identified the ring "Zoqur" {rPois rN+ Str-3 Slay+3}
 56759 | Crypt:3  | Identified the ring of the Evil One {rPois rN+}
 56769 | Crypt:3  | Noticed an ancient lich
 56778 | Crypt:3  | Killed an ancient lich
 56906 | Crypt:3  | Noticed a dread lich
 56920 | Crypt:3  | Killed a dread lich
 57744 | Hell     | Entered the Vestibule of Hell
 57744 | Hell     | Noticed Geryon
 57755 | Hell     | Killed Geryon
 57860 | Hell     | Found a gateway to the freezing wastes of Cocytus.
 58007 | Hell     | Found a gateway to the Iron City of Dis.
 58039 | Hell     | Reached XP level 27. HP: 203/284 MP: 34/34
 58143 | Hell     | Found a gateway to the ashen valley of Gehenna.
 58224 | Hell     | Found a gateway to the decaying netherworld of Tartarus.
 58561 | Depths:2 | Voluntarily entered the Abyss.
 58649 | Abyss:1  | Was forgiven by Okawaru
 59193 | Abyss:4  | Paralysed by accursed screaming for 2 turns
 59281 | Abyss:4  | Gained mutation: You evolve. [a neqoxec]
 59287 | Abyss:4  | Lost intelligence.
 59300 | Abyss:4  | Reached skill level 15 in Armour
 59375 | Abyss:4  | Lost intelligence.
 59613 | Abyss:4  | Got an abyssal rune of Zot
 59619 | Abyss:4  | Lost intelligence.
 59634 | Abyss:5  | Entered Level 5 of the Abyss
 59671 | Depths:2 | Escaped the Abyss
 59758 | Zot:1    | Entered Level 1 of the Realm of Zot
 59883 | Zot:1    | Noticed an orb of fire
 59887 | Zot:1    | Gained mutation: You are weak. (Str -2) [an orb of fire]
 59905 | Zot:1    | Gained mutation: You are occasionally teleported next to
                  | monsters. [an orb of fire]
 59915 | Depths:5 | Lost mutation: You possess an exceptional clarity of mind.
                  | [potion of mutation]
 59915 | Depths:5 | Lost mutation: You are weak. (Str -2) [potion of mutation]
 59915 | Depths:5 | Lost mutation: You have sharp toenails. [potion of
                  | mutation]
 59915 | Depths:5 | Gained mutation: You are covered in thick fur. (AC +2)
                  | [potion of mutation]
 59915 | Depths:5 | Gained mutation: You are partially covered in slimy green
                  | scales. (AC +2) [potion of mutation]
 59915 | Depths:5 | Gained mutation: You possess an exceptional clarity of
                  | mind. [potion of mutation]
 59915 | Depths:5 | Gained mutation: You have large cloven feet. [potion of
                  | mutation]
 59916 | Depths:5 | Lost mutation: You expend magic power (3 MP) to strengthen
                  | your wands. [potion of mutation]
 59916 | Depths:5 | Lost mutation: Your system is resistant to poisons. (rPois)
                  | [potion of mutation]
 59916 | Depths:5 | Lost mutation: You are occasionally teleported next to
                  | monsters. [potion of mutation]
 59916 | Depths:5 | Lost mutation: Your spells are a little harder to cast, but
                  | a little more powerful. [potion of mutation]
 59916 | Depths:5 | Gained mutation: Your skin changes colour to match your
                  | surroundings (Stealth+). [potion of mutation]
 59968 | Zig:1    | Entered Level 1 of a ziggurat
 59984 | Zig:2    | Entered Level 2 of a ziggurat
 60001 | Zig:2    | Identified the +1 ring mail of Indecent Exposure {SInv}
 60045 | Zig:3    | Entered Level 3 of a ziggurat
 60045 | Zig:3    | Noticed Kemmuw the pandemonium lord
 60061 | Zig:3    | Killed Kemmuw the pandemonium lord
 60095 | Zig:4    | Entered Level 4 of a ziggurat
 60126 | Zig:5    | Entered Level 5 of a ziggurat
 60126 | Zig:5    | Found the +3 crown of Dyrovepreva {rElec Int+2 SInv}
 60127 | Zig:5    | Noticed an ancient lich
 60128 | Zig:5    | Noticed a dread lich
 60136 | Zig:5    | Killed an ancient lich
 60144 | Zig:5    | Killed a dread lich
 60180 | Zig:6    | Entered Level 6 of a ziggurat
 60234 | Zig:6    | Identified the +5 mace "Imiykuj" {freeze, Str+3 Int+5 Dex-3
                  | Stlth+}
 60248 | Zig:7    | Entered Level 7 of a ziggurat
 60307 | Zig:7    | Identified the +1 cloak of Makhleb's Anger {rPois rC+}
 60310 | Zig:7    | Acquired a manual of Invocations
 60323 | Zig:8    | Entered Level 8 of a ziggurat
 60332 | Zig:8    | Found the +8 glaive of the Guard {elec, spectral, AC+5}
 60371 | Zig:8    | Identified the ring of Vamoimiv {Wiz rC- Will+ Dex+3}
 60413 | Zig:9    | Entered Level 9 of a ziggurat
 60452 | Zig:9    | Identified the +5 great mace "Qetyd" {antimagic, *Noise
                  | rPois rC+}
 60465 | Zig:10   | Entered Level 10 of a ziggurat
 60611 | Zig:11   | Entered Level 11 of a ziggurat
 60659 | Zig:11   | Identified the +0 helmet of Wasted Space {+Fly rPois}
 60660 | Zig:11   | Identified the Volume of Necromancy and Transmutation
 60674 | Zig:11   | Identified the +10 hand crossbow of the Shoals {venom,
                  | Int+4}
 61130 | Tomb:1   | Entered Level 1 of the Tomb of the Ancients
 61162 | Tomb:1   | Noticed Frederick
 61172 | Tomb:1   | Killed Frederick
 61617 | Tomb:1   | Noticed a royal mummy
 61621 | Tomb:1   | Noticed a royal mummy
 61629 | Tomb:1   | Killed a royal mummy
 61650 | Tomb:1   | Killed a royal mummy
 62172 | Tomb:2   | Noticed a royal mummy
 62172 | Tomb:2   | Noticed a royal mummy
 62172 | Tomb:2   | Noticed a royal mummy
 62172 | Tomb:2   | Noticed a royal mummy
 62183 | Tomb:2   | Killed a royal mummy
 62202 | Tomb:2   | Killed a royal mummy
 62215 | Tomb:1   | Killed a royal mummy
 62517 | Tomb:2   | Killed a royal mummy
 62922 | Tomb:1   | Noticed a royal mummy
 62937 | Tomb:1   | Killed a royal mummy
 62983 | Tomb:1   | Noticed a royal mummy
 62990 | Tomb:1   | Killed a royal mummy
 63010 | Tomb:1   | Noticed a royal mummy
 63016 | Tomb:1   | Noticed a royal mummy
 63018 | Tomb:1   | Killed a royal mummy
 63026 | Tomb:1   | Killed a royal mummy
 63030 | Tomb:1   | Noticed a royal mummy
 63033 | Tomb:1   | Noticed a royal mummy
 63041 | Tomb:1   | Killed a royal mummy
 63043 | Tomb:1   | Killed a royal mummy
 63044 | Tomb:1   | Reached skill level 24 in Unarmed Combat
 63139 | Tomb:1   | Noticed a royal mummy
 63146 | Tomb:1   | Noticed a royal mummy
 63156 | Tomb:1   | Killed a royal mummy
 63159 | Tomb:1   | Killed a royal mummy
 63275 | Tomb:1   | Noticed a royal mummy
 63279 | Tomb:1   | Noticed a royal mummy
 63281 | Tomb:1   | Noticed a royal mummy
 63282 | Tomb:1   | Killed a royal mummy
 63316 | Tomb:1   | Killed a royal mummy
 63323 | Tomb:1   | Killed a royal mummy
 63427 | Tomb:1   | Noticed a royal mummy
 63433 | Tomb:1   | Killed a royal mummy
 63433 | Tomb:1   | Noticed a royal mummy
 63439 | Tomb:1   | Killed a royal mummy
 63450 | Tomb:1   | Noticed a royal mummy
 63456 | Tomb:1   | Killed a royal mummy
 63575 | Tomb:1   | Noticed a royal mummy
 63582 | Tomb:1   | Killed a royal mummy
 63739 | Tomb:1   | Noticed a royal mummy
 63748 | Tomb:1   | Killed a royal mummy
 63783 | Tomb:1   | Noticed a royal mummy
 63796 | Tomb:1   | Killed a royal mummy
 63911 | Tomb:1   | Noticed a royal mummy
 63917 | Tomb:1   | Killed a royal mummy
 63952 | Tomb:1   | Noticed a royal mummy
 63960 | Tomb:1   | Killed a royal mummy
 64024 | Tomb:2   | Gained mutation: Potions are less effective at restoring
                  | your health. [mutagenic glow]
 64054 | Tomb:2   | Lost mutation: You possess an exceptional clarity of mind.
                  | [mutagenic glow]
 64433 | Tomb:3   | Entered Level 3 of the Tomb of the Ancients
 64451 | Tomb:3   | Noticed a royal mummy
 64453 | Tomb:3   | Noticed a royal mummy
 64811 | Tomb:2   | Killed a royal mummy
 64836 | Tomb:3   | Noticed a royal mummy
 64837 | Tomb:3   | Noticed a royal mummy
 64842 | Tomb:3   | Noticed a royal mummy
 64842 | Tomb:3   | Noticed a royal mummy
 64844 | Tomb:3   | Gained mutation: You heal very quickly. [mutagenic glow]
 64848 | Tomb:3   | Lost intelligence.
 64851 | Tomb:3   | Noticed a royal mummy
 64855 | Tomb:3   | Gained mutation: You occasionally shout uncontrollably at
                  | your foes. [mutagenic glow]
 64857 | Tomb:3   | Noticed a royal mummy
 64857 | Tomb:3   | Noticed a royal mummy
 64864 | Tomb:3   | Killed a royal mummy
 64866 | Tomb:3   | Killed a royal mummy
 64866 | Tomb:3   | HP: 9/284 [mummy priest/divine providence (14)]
 64869 | Tomb:3   | HP: 1/284 [emperor scorpion[a royal mummy] (16)]
 64869 | Tomb:3   | Mangled by an emperor scorpion

Illustrated notes

Levels and vault maps discovered:
D:1:      kilobyte_arrival_exit_the_forest, layout_basic,
          chequers_hall_statues_y
D:2:      layout_loops_cross, overflow_temple_1_default
D:3:      layout_basic, nicolae_overflow_hidden_temple,
          kennysheep_generic_room_4
D:4:      layout_basic, lemuel_crystal_altar, serial_forest,
          infiniplex_forest_straight_4, infiniplex_forest_lined_3,
          infiniplex_forest_lined_room_2, infiniplex_forest_straight_2,
          infiniplex_forest_side_room
D:5:      layout_rooms, eat_drink_and_be_merry_uskayaw, lemuel_crystal_altar,
          serial_shops, shop, nicolae_sextant, minmay_crystal_water
D:6:      layout_rooms, chequers_temple_overflow_statue_of_worship,
          minmay_temple_entry_wispy, serial_park_tiny_1, minmay_misc_feat_cross,
          uniq_crazy_yiuf_cottage
D:7:      gammafunk_wand_slinger, layout_loops_ring, minmay_manual_monstrance
D:8:      layout_basic, bloody_trog
D:9:      layout_loops_ring, lemuel_round_altar, erik_lair_orcish_takeover,
          hive_lemuel
D:10:     layout_long_grid, orc_0_dummy, grunt_qazlal_sundering
D:11:     layout_grid_maze, serial_shops, shop, shop, shop, nicolae_shop_crystal
D:12:     layout_stronghold, uniq_maurice, uniq_gastronok
D:13:     layout_loops_cross, serial_shops, shop
D:14:     layout_cross, david_vaults_5
D:15:     grunt_enter_depths_magical_seal, layout_long_grid, eino_tiny_chamber,
          uniq_roxanne
Temple:   nicolae_temple_great_sept
Lair:1:   layout_chaotic_city, serial_bayou_pond_b, st_stairs_10
Lair:2:   layout_layer_cave, gammafunk_ghost_necromancy, pond,
          grunt_megastairs_2, serial_bayou_shore_b, lemuel_fruit_fields,
          uniq_harold, uniq_sonja, uniq_urug
Lair:3:   layout_regular_city, minmay_swamp_entry_worms, serial_bayou_shore_b,
          uniq_fannar
Lair:4:   layout_concentric_octagons, dummy_snake_entry, minmay_lair_drake_nest,
          lemuel_fruit_fields, grunt_megastairs_3
Lair:5:   layout_gridlike, minmay_slime_entry_jelly_boxes, grunt_megastairs_1
Lair:6:   evilmike_catoblepas_cave, layout_regular_city, serial_rivers,
          chequers_serial_rivers_room_b, chequers_serial_rivers_micro_c,
          chequers_serial_rivers_small_3, chequers_serial_rivers_micro_b,
          uniq_josephine
Swamp:1:  layout_basic_swamp, nicolae_swamp_very_dense_foliage,
          infiniplex_staircase_pool, uniq_kirke
Swamp:2:  layout_basic_swamp, serial_swamp_ruin, evilmike_swamp_ruin_house_6,
          evilmike_swamp_ruin_house_3, evilmike_swamp_ruin_house_4
Swamp:3:  layout_basic_swamp, portal_ice_cave_entry_pillars_three,
          hangedman_swamp_blocks, swamp_pool4
Swamp:4:  swamp_icy, layout_basic_swamp
Snake:1:  layout_honeycomb
Snake:2:  layout_basic, gammafunk_ghost_cemetery, minmay_shop_grove,
          serial_bayou_shore_a
Snake:3:  hangedman_cross_veins, layout_misc_corridors, grunt_ministairs_14,
          nicolae_large_snake_swirl, uniq_nikola, uniq_mara
Snake:4:  minmay_snake_end_coiled, layout_cave_town, basic_altar,
          grunt_ministairs_8, grunt_megastairs_5, lemuel_fruit_tree,
          serial_bayou_shore_b
Slime:1:  layout_caves
Slime:2:  layout_caves, nicolae_slime_barrier, dissolution_awaits
Slime:3:  layout_caves, cheibrodos_slime_lost_civilization_5
Slime:4:  layout_caves
Slime:5
Orc:1:    layout_caves
Orc:2:    grunt_orc_cross, layout_caves, serial_shops, nicolae_shop_statue_plus,
          basic_altar, statue_in_the_mist_lemuel, mines3_lemuel
Elf:1:    layout_geoelf_diagonals, minmay_elf_annihilation, drop_trap,
          minmay_shoptagon
Elf:2:    layout_loops_cross, nicolae_elf_big_sculpture_2,
          minmay_misc_feat_pillars
Elf:3:    grunt_elf_hall_asides, layout_geoelf_octagon
Vaults:1: grunt_vaults_swirl, v_misc_15, v_rooms_2,
          nicolae_vaults_little_squares_3, ontoclasm_vaults_gateway, v_misc_24,
          v_rooms_1, ontoclasm_vaults_idyll, vaults_mumra_hexcomb, v_pattern_2,
          hangedman_vaults_cutoff, layout_vaults_ring
Vaults:2: nicolae_vaults_shelves_hall, v_pattern_5,
          nicolae_vaults_little_squares_3, grunt_vaults_twisty,
          nicolae_vaults_puzzle_piece, v_misc_27, nicolae_vaults_rhombus_6,
          nicolae_vaults_mini_display_case, layout_vaults_chaotic_city,
          serial_shops, nicolae_shop_waterfront
Vaults:3: v_alt_pattern_4, nicolae_vaults_specimen_jars, v_alt_pattern_6,
          grunt_vaults_hallway_long, hangedman_vaults_river_flow, v_misc_28,
          nicolae_vaults_alarming, v_misc_9, vaults_room_pool,
          hangedman_vaults_cutoff, layout_vaults_maze_snakey, serial_shops,
          shop, nicolae_trove_entry_columns
Vaults:4: vaults_room_octagon, ontoclasm_vaults_twist, v_misc_11,
          hangedman_vaults_cutoff, v_misc_25, vaults_room_door_ring,
          nicolae_vaults_network_star, nicolae_vaults_ring_of_whatevers,
          v_misc_30, nicolae_vaults_little_squares_4, hangedman_vaults_cutoff,
          vaults_room_stairs_pillars, vaults_dpeg_hooks, layout_vaults_omnicross
Vaults:5
Crypt:1:  layout_catacombs
Crypt:2:  layout_gridlike
Crypt:3:  quadcrypt_mu
Tomb:1:   uniq_frederick
Tomb:2
Tomb:3
Depths:1: layout_basic, interstate_on_off, grunt_mini_vestibule, serial_shops,
          nicolae_shop_trees, shop, shop, nicolae_shop_stone, kennysheep_mini,
          kennysheep_nondescript, minmay_orc_keep
Depths:2: minmay_the_grid_square_5x5_5x5 [minmay_the_grid_square_5x5_percent,
          minmay_the_grid_square_5x5_tetrominoes,
          minmay_the_grid_square_5x5_minimal,
          minmay_the_grid_square_5x5_inner_z,
          minmay_the_grid_square_5x5_intrusive_squares,
          minmay_the_grid_square_5x5_bite,
          minmay_the_grid_square_5x5_prize_snowflake,
          minmay_the_grid_square_5x5_beaten_path,
          minmay_the_grid_square_5x5_prize_gold,
          minmay_the_grid_square_5x5_tri_point,
          minmay_the_grid_square_5x5_misaligned,
          minmay_the_grid_square_5x5_eight_small,
          minmay_the_grid_square_5x5_prize_open,
          minmay_the_grid_square_5x5_hollow_slash,
          minmay_the_grid_square_5x5_longway, minmay_the_grid_square_5x5_six,
          minmay_the_grid_square_5x5_prize_junk,
          minmay_the_grid_square_5x5_empty,
          minmay_the_grid_square_5x5_prize_monsterx,
          minmay_the_grid_square_5x5_pentomino_r,
          minmay_the_grid_square_5x5_mess,
          minmay_the_grid_square_5x5_two_walls_b,
          minmay_the_grid_square_5x5_sharp_hourglass,
          minmay_the_grid_square_5x5_shuriken,
          minmay_the_grid_square_5x5_corner], layout_cave_pools, hex_tiny,
          grunt_hell_entry_dis_old, abyss_entry_small_statue_room,
          library_closet, hangedman_abyss_or_decor_stagger,
          serial_bayou_shore_b, uniq_bai_suzhen, uniq_sojobo
Depths:3: cheibrodos_birdhouse, layout_cave_pools, minmay_room_of_horrors,
          grunt_pan_entry_spiral, hell_entry, lightli_enter_wizlab_magi_temple,
          minmay_misc_feat_room, amcnicky_mini_pool_small, guppyfry_shop_earth,
          serial_bayou_shore_b, infiniplex_staircase_zigzag_3
Depths:4: lemuel_castle_with_subvaults [lemuel_castle_interior_carwin_2],
          layout_gridlike, enter_ziggurat_c, hellmouth_1,
          hangedman_decor_riveting, abyss_entry
Depths:5: grunt_twist_and_shout, layout_gridlike, abyss_entry,
          hangedman_coc_ice_floe, pan_entry, corexii_hall_statues_i,
          nicolae_benzene_ring, uniq_margery
Hell
Zot:1:    layout_gridlike

Skill      XL: |  1  2  3  4  5  6  7  8  9 10 11 12 13 14 15 16 17 18 19 20 21 22 23 24 25 26 27 |
---------------+----------------------------------------------------------------------------------+-----
Unarmed Combat | 3 4 5 6 7 8 9 11 12 17 19 20 23 24 | 24.3
Fighting       | 3 4 5 6 9 14 16 17 18 | 18.6
Dodging        | 4 5 7 12 15 | 15.6
Shields        | 3 5 8 9 10 14 15 17 18 | 18.8
Invocations    | 3 5 9 13 17 22 | 22.0
Throwing       | 5 7 8 10 14 15 16 17 22 | 22.8
Armour         | 4 5 6 7 10 11 12 13 15 | 15.8
Evocations     | 2 5 |  5.4

Action                   |  1- 3 |  4- 6 |  7- 9 | 10-12 | 13-15 | 16-18 | 19-21 | 22-24 | 25-27 || total
-------------------------+-------+-------+-------+-------+-------+-------+-------+-------+-------++-------
Melee: Unarmed           |    95 |   107 |   315 |   469 |  1397 |  1404 |  1252 |  1474 |  2163 ||  8676
       Kick              |       |       |       |       |       |    68 |   605 |   768 |  1119 ||  2560
Throw: Boomerang         |       |       |       |    35 |     2 |       |       |       |       ||    37
       Javelin           |       |       |       |     4 |       |     5 |     7 |     1 |    46 ||    63
       Dart              |       |       |       |     1 |     5 |       |       |       |       ||     6
       Large rock        |       |       |       |     6 |    26 |    47 |    10 |       |    97 ||   186
Invok: Heroism           |       |       |       |     1 |     1 |     2 |     1 |       |       ||     5
       Cleansing Flame   |       |       |       |       |       |       |       |       |    99 ||    99
       Summon Divine War |       |       |       |       |       |       |       |       |     1 ||     1
 Abil: Evoke Flight      |       |       |       |       |       |       |       |     1 |       ||     1
Evoke: Wand              |       |       |     2 |    18 |     1 |     6 |     2 |     2 |     1 ||    32
       Condenser vane    |       |       |       |       |       |     1 |     1 |     1 |     1 ||     4
       Tin of tremorston |       |       |       |       |       |       |       |       |     1 ||     1
  Use: Scroll            |       |     3 |    12 |    11 |     9 |     6 |     5 |     9 |    11 ||    66
       Potion            |       |       |       |     6 |       |     7 |     1 |     1 |    13 ||    28
 Stab: Sleeping          |       |     2 |     2 |       |       |       |       |       |       ||     4
       Paralysed         |       |       |       |     1 |     3 |       |       |       |       ||     4
       Confused          |       |       |       |       |       |     2 |       |       |       ||     2
Armor: Robe              |    35 |    26 |    65 |    17 |       |       |       |       |       ||   143
       Troll leather arm |       |       |       |    93 |       |       |       |       |       ||    93
       Skin              |       |       |       |     1 |       |       |       |       |       ||     1
       Fire dragon scale |       |       |       |     1 |   441 |   120 |       |       |       ||   562
       Ice dragon scales |       |       |       |       |       |   160 |       |       |       ||   160
       Storm dragon scal |       |       |       |       |       |    61 |   221 |   430 |       ||   712
       Gold dragon scale |       |       |       |       |       |       |       |   152 |  1144 ||  1296
Dodge: Dodged            |    28 |    30 |   109 |   137 |   418 |   296 |   212 |   515 |   620 ||  2365
Block: Kite shield       |    49 |    27 |   173 |   415 |   323 |       |       |  1094 |  1730 ||  3811
       Reflection        |       |       |     1 |    12 |       |       |       |       |       ||    13
       Tower shield      |       |       |       |       |   810 |  1080 |   899 |   106 |       ||  2895

Table legend: (Time is in decaauts)
 A = Elapsed time spent in this place.
 B = Non-inter-level travel time spent in this place.
 C = Inter-level travel time spent in this place.
 D = Time resting spent in this place.
 E = Time spent auto-exploring this place.
 F = Levels seen in this place.
 G = Mean time per level.
                   A        B        C        D        E       F      G
               +--------+--------+--------+--------+--------+-----+--------+
         Total |  63854 |  54918 |   8936 |   4486 |  33549 |  76 |  840.2 |
       Dungeon |  16298 |  12769 |   3529 |    754 |   8797 |  15 | 1086.5 |
        Temple |     89 |     69 |     20 |      0 |     37 |   1 |   89.0 |
          Lair |   7230 |   6316 |    914 |    263 |   4297 |   6 | 1205.0 |
         Swamp |   3528 |   3391 |    137 |    241 |   2097 |   4 |  882.0 |
     Snake Pit |   4948 |   4612 |    336 |    274 |   3047 |   4 | 1237.0 |
    Slime Pits |   1235 |   1227 |      8 |    421 |      0 |   5 |  247.0 |
  Orcish Mines |   1952 |   1575 |    377 |     32 |    950 |   2 |  976.0 |
   Elven Halls |   3453 |   3077 |    376 |    159 |   2003 |   3 | 1151.0 |
        Vaults |   7866 |   6387 |   1479 |    447 |   4378 |   5 | 1573.2 |
         Crypt |   4069 |   3712 |    357 |     88 |   2798 |   3 | 1356.3 |
          Tomb |   3839 |   3387 |    452 |   1245 |   1116 |   3 | 1279.7 |
        Depths |   6575 |   5647 |    928 |    318 |   3566 |   5 | 1315.0 |
          Hell |    629 |    610 |     19 |      0 |    355 |   1 |  629.0 |
           Zot |    133 |    133 |      0 |     33 |     46 |   1 |  133.0 |
         Abyss |   1024 |   1024 |      0 |     60 |      0 |   5 |  204.8 |
      Ziggurat |    669 |    669 |      0 |    125 |     20 |  11 |   60.8 |
         Trove |     63 |     63 |      0 |      0 |      0 |   1 |   63.0 |
      Ice Cave |    246 |    246 |      0 |     23 |     41 |   1 |  246.0 |
               +--------+--------+--------+--------+--------+-----+--------+

Top non-repeatable levels by time:
  Tomb:1: 2868 daAuts
Vaults:2: 1908 daAuts
     D:9: 1791 daAuts
 Crypt:1: 1697 daAuts
Vaults:5: 1668 daAuts
 Crypt:3: 1639 daAuts
Vaults:1: 1609 daAuts
Depths:1: 1607 daAuts
  Lair:2: 1593 daAuts
    D:15: 1515 daAuts
Depths:4: 1502 daAuts
    D:10: 1481 daAuts
Vaults:4: 1470 daAuts
 Snake:4: 1441 daAuts
   Orc:2: 1402 daAuts
